PCL
TEXARKANA BEARS @ CALGARY COWBOYS
08/31/2027
 
TOP OF THE 1ST
Texarkana Bears batting - Pitching for Calgary Cowboys : RHP Paul Barton
Pitching: RHP Paul Barton
Batting: RHB Tony Reyes 0-0: Foul Ball, location: 2F
0-1: Ball
1-1: SINGLE (Groundball, 56D)
Batting: LHB Sam Barnes 0-0: Ball
1-0: Ball
2-0: Fly out, F6 (Popup, 56D)
Batting: RHB Keith Ford 0-0: Ball
1-0: Called Strike
1-1: Foul Ball, location: 2F
1-2: Foul Ball, location: 2F
Balk!
Tony Reyes to second
1-2: Ball
2-2: Ball
3-2: SINGLE (Groundball, 34D)
Tony Reyes to third
Batting: RHB Juan Rico 0-0: Ball
1-0: Fly out, F9 (Flyball, 9LS)
Batting: RHB Billy Campbell 0-0: DOUBLE (Flyball, 8LXD)
Tony Reyes scores
Keith Ford to third
Batting: LHB Tom Mullins 0-0: Ball
1-0: Fly out, F8 (Flyball, 8LM)
Top of the 1st over - 1 run(s), 3 hit(s), 0 error(s), 2 left on base; Texarkana 1 - Calgary 0
BOTTOM OF THE 1ST
Calgary Cowboys batting - Pitching for Texarkana Bears : RHP Ron Scott
Pitching: RHP Ron Scott
Batting: LHB Enrico Vargas 0-0: SINGLE (Flyball, 78S)
Batting: RHB Jorge Balencia 0-0: Ball
1-0: Ball
2-0: SINGLE (Line Drive, 4M)
Enrico Vargas to second
Throwing error, E8
Enrico Vargas scores
Jorge Balencia to second
Batting: LHB Greg Nelson 0-0: Ball
1-0: Ball
2-0: Called Strike
2-1: Foul Ball, location: 2F
2-2: Ball
3-2: 2-RUN HOME RUN (Flyball, 8RXD), Distance : 428 ft
Batting: LHB José Liñares 0-0: Called Strike
0-1: SINGLE (Groundball, 6MD)
Batting: RHB Todd Bryant 0-0: Ball
José Liñares is caught stealing 2nd base
1-0: Foul Ball, location: 2F
1-1: Swinging Strike
1-2: Strikes out swinging
Batting: RHB Dan Wyatt 0-0: Ground out 6-3 (Groundball, 6)
Bottom of the 1st over - 3 run(s), 4 hit(s), 1 error(s), 0 left on base; Texarkana 1 - Calgary 3
TOP OF THE 2ND
Texarkana Bears batting - Pitching for Calgary Cowboys : RHP Paul Barton
Batting: RHB Taki Chikafuji 0-0: Ball
1-0: Called Strike
1-1: Ball
2-1: Fly out, F4 (Popup, 34)
Batting: RHB Michael Barraclough 0-0: Called Strike
0-1: Ball
1-1: Ball
2-1: Ball
3-1: Base on Balls
Batting: RHB Steve Garneys 0-0: Called Strike
Michael Barraclough steals 2nd base
0-1: Foul Ball, location: 2F
0-2: Ball
1-2: Foul Ball, location: 2F
1-2: Fly out, F8 (Flyball, 89M)
Batting: RHB Tony Reyes 0-0: Ball
1-0: Foul Ball, location: 2F
1-1: Swinging Strike
1-2: Ball
2-2: Strikes out swinging
Top of the 2nd over - 0 run(s), 0 hit(s), 0 error(s), 1 left on base; Texarkana 1 - Calgary 3
BOTTOM OF THE 2ND
Calgary Cowboys batting - Pitching for Texarkana Bears : RHP Ron Scott
Batting: LHB Freddy Herrera 0-0: Called Strike
0-1: Ball
1-1: Called Strike
1-2: Strikes out swinging
Batting: RHB Shayne Burry 0-0: Ball
1-0: Foul Ball, location: 2F
1-1: Called Strike
1-2: Fly out, F7 (Flyball, 7LM)
Batting: RHB Mario Sánchez 0-0: Ball
1-0: Foul Ball, location: 2F
1-1: Ball
2-1: Foul Ball, location: 2F
2-2: Foul Ball, location: 2F
2-2: Ball
3-2: Foul Ball, location: 2F
3-2: Base on Balls
Batting: LHB Enrico Vargas 0-0: Called Strike
0-1: Swinging Strike
0-2: Strikes out swinging
Bottom of the 2nd over - 0 run(s), 0 hit(s), 0 error(s), 1 left on base; Texarkana 1 - Calgary 3
TOP OF THE 3RD
Texarkana Bears batting - Pitching for Calgary Cowboys : RHP Paul Barton
Batting: LHB Sam Barnes 0-0: Foul Ball, location: 2F
0-1: Foul Ball, location: 2F
0-2: Ball
1-2: Ground out 4-3 (Groundball, 4)
Batting: RHB Keith Ford 0-0: SINGLE (Groundball, 6MD)
Batting: RHB Juan Rico 0-0: Ball
1-0: Foul Ball, location: 2F
1-1: Swinging Strike
1-2: Strikes out looking
Batting: RHB Billy Campbell 0-0: Ball
1-0: Fielders Choice at 2nd, 4-6 (Groundball, 4)
Top of the 3rd over - 0 run(s), 1 hit(s), 0 error(s), 0 left on base; Texarkana 1 - Calgary 3
BOTTOM OF THE 3RD
Calgary Cowboys batting - Pitching for Texarkana Bears : RHP Ron Scott
Batting: RHB Jorge Balencia 0-0: Swinging Strike
0-1: Ball
1-1: Swinging Strike
1-2: Foul Ball, location: 2F
1-2: Strikes out swinging
Batting: LHB Greg Nelson 0-0: Ball
1-0: Ball
2-0: Called Strike
2-1: Swinging Strike
2-2: Strikes out looking
Batting: LHB José Liñares 0-0: Ball
1-0: Ball
2-0: Called Strike
2-1: SINGLE (Groundball, 34D)
Batting: RHB Todd Bryant 0-0: Foul Ball, location: 2F
0-1: Ball
1-1: Ball
2-1: Ball
3-1: Called Strike
3-2: Fly out, F8 (Flyball, 8LM)
Bottom of the 3rd over - 0 run(s), 1 hit(s), 0 error(s), 1 left on base; Texarkana 1 - Calgary 3
TOP OF THE 4TH
Texarkana Bears batting - Pitching for Calgary Cowboys : RHP Paul Barton
Batting: LHB Tom Mullins 0-0: Called Strike
0-1: Ball
1-1: Fly out, F9 (Flyball, 9)
Batting: RHB Taki Chikafuji 0-0: Ball
1-0: Swinging Strike
1-1: Ball
2-1: Ball
3-1: Base on Balls
Batting: RHB Michael Barraclough 0-0: Called Strike
0-1: Ball
1-1: Ball
2-1: Ball
3-1: Base on Balls
Taki Chikafuji to second
Batting: RHB Steve Garneys 0-0: Called Strike
0-1: SINGLE (Groundball, 4MD)
Taki Chikafuji to third
Michael Barraclough to second
Runner from 3rd tries for Home, SAFE, throw made home
Michael Barraclough to third
Steve Garneys to second
Batting: RHB Tony Reyes 0-0: Foul Ball, location: 2F
0-1: Ball
1-1: SINGLE (Groundball, 6D)
Michael Barraclough scores
Steve Garneys to third
Runner from 3rd tries for Home, SAFE, no throw
Batting: LHB Sam Barnes 0-0: Ball
1-0: Swinging Strike
1-1: Ball
2-1: Ground out U3 (Groundball, 3S)
Tony Reyes to second
Batting: RHB Keith Ford 0-0: Foul Ball, location: 2F
0-1: Foul Ball, location: 2F
0-2: Ball
1-2: Ball
2-2: Ball
3-2: Ground out 4-3 (Groundball, 4MS)
Top of the 4th over - 3 run(s), 2 hit(s), 0 error(s), 1 left on base; Texarkana 4 - Calgary 3
BOTTOM OF THE 4TH
Calgary Cowboys batting - Pitching for Texarkana Bears : RHP Ron Scott
Batting: RHB Dan Wyatt 0-0: Ball
1-0: Ball
2-0: Called Strike
2-1: Swinging Strike
2-2: Ball
3-2: Ground out 4-3 (Groundball, 4)
Batting: LHB Freddy Herrera 0-0: Called Strike
0-1: Ball
1-1: Fly out, F9 (Flyball, 9LM)
Batting: RHB Shayne Burry 0-0: Called Strike
0-1: Ball
1-1: Swinging Strike
1-2: Foul Ball, location: 2F
1-2: Ball
2-2: DOUBLE (Groundball, 3L)
Batting: RHB Mario Sánchez 0-0: Ball
1-0: Ground out 6-3 (Groundball, 6)
Bottom of the 4th over - 0 run(s), 1 hit(s), 0 error(s), 1 left on base; Texarkana 4 - Calgary 3
TOP OF THE 5TH
Texarkana Bears batting - Pitching for Calgary Cowboys : RHP Paul Barton
Batting: RHB Juan Rico 0-0: Ball
1-0: Ground out 5-3 (Groundball, 56S)
Batting: RHB Billy Campbell 0-0: Called Strike
0-1: Called Strike
0-2: Strikes out swinging
Batting: LHB Tom Mullins 0-0: Foul Ball, location: 2F
0-1: Ball
1-1: Ball
2-1: Ball
3-1: Base on Balls
Batting: RHB Taki Chikafuji 0-0: Ball
1-0: Ball
2-0: Reached on error, E3 (Groundball, 3S)
Tom Mullins to second
Batting: RHB Michael Barraclough 0-0: Called Strike
0-1: Swinging Strike
0-2: Ball
1-2: Ball
2-2: Ball
3-2: Strikes out swinging
Top of the 5th over - 0 run(s), 0 hit(s), 1 error(s), 2 left on base; Texarkana 4 - Calgary 3
BOTTOM OF THE 5TH
Calgary Cowboys batting - Pitching for Texarkana Bears : RHP Ron Scott
Batting: LHB Enrico Vargas 0-0: Fly out, F6 (Popup, 6M)
Batting: RHB Jorge Balencia 0-0: Fly out, F4 (Popup, 3D)
Batting: LHB Greg Nelson 0-0: Ball
1-0: Called Strike
1-1: Foul Ball, location: 2F
1-2: Ball
2-2: Ground out 3-1 (Groundball, 34)
Bottom of the 5th over - 0 run(s), 0 hit(s), 0 error(s), 0 left on base; Texarkana 4 - Calgary 3
TOP OF THE 6TH
Texarkana Bears batting - Pitching for Calgary Cowboys : RHP Paul Barton
Pitching: RHP Lorenzo Montáñez
Batting: RHB Steve Garneys 0-0: Ball
1-0: DOUBLE (Groundball, 5L)
Batting: RHB Tony Reyes 0-0: Swinging Strike
0-1: Called Strike
0-2: Strikes out swinging
Batting: LHB Sam Barnes 0-0: Called Strike
0-1: Called Strike
0-2: Ball
1-2: Strikes out looking
Batting: RHB Keith Ford 0-0: Called Strike
0-1: Fly out, F3 (Popup, 3L)
Top of the 6th over - 0 run(s), 1 hit(s), 0 error(s), 1 left on base; Texarkana 4 - Calgary 3
BOTTOM OF THE 6TH
Calgary Cowboys batting - Pitching for Texarkana Bears : RHP Ron Scott
Batting: LHB José Liñares 0-0: SINGLE (Line Drive, 9LS)
Batting: RHB Todd Bryant 0-0: Ball
1-0: Fly out, F8 (Line Drive, 8RM)
Batting: RHB Dan Wyatt 0-0: Called Strike
0-1: Foul Ball, location: 2F
0-2: Ball
1-2: Ball
2-2: Fielders Choice at 2nd, 4-6 (Groundball, 4MD)
Batting: LHB Freddy Herrera 0-0: Ball
1-0: Foul Ball, location: 2F
1-1: Ball
2-1: DOUBLE (Line Drive, 89D)
Dan Wyatt to third
Batting: RHB Shayne Burry 0-0: Foul Ball, location: 2F
0-1: SINGLE (Flyball, 78S)
Dan Wyatt scores
Freddy Herrera to third
Runner from 3rd tries for Home, SAFE, no throw
Pitching: RHP Asher Zasko
Batting: RHB Mario Sánchez 0-0: Called Strike
0-1: Swinging Strike
0-2: Ball
1-2: Foul Ball, location: 2F
1-2: Foul Ball, location: 2F
1-2: Foul Ball, location: 2F
1-2: Ball
2-2: Ball
3-2: Strikes out looking
Bottom of the 6th over - 2 run(s), 3 hit(s), 0 error(s), 1 left on base; Texarkana 4 - Calgary 5
TOP OF THE 7TH
Texarkana Bears batting - Pitching for Calgary Cowboys : RHP Lorenzo Montáñez
Batting: RHB Juan Rico 0-0: Ground out 4-3 (Groundball, 4)
Batting: RHB Billy Campbell 0-0: Ground out 5-3 (Groundball, 5L)
Batting: LHB Tom Mullins 0-0: Ball
1-0: Ball
2-0: Called Strike
2-1: Called Strike
2-2: Ball
3-2: Foul Ball, location: 2F
3-2: Strikes out swinging
Top of the 7th over - 0 run(s), 0 hit(s), 0 error(s), 0 left on base; Texarkana 4 - Calgary 5
BOTTOM OF THE 7TH
Calgary Cowboys batting - Pitching for Texarkana Bears : RHP Asher Zasko
Batting: LHB Enrico Vargas 0-0: SINGLE (Line Drive, 8RS)
Batting: RHB Jorge Balencia 0-0: Grounds into double play, 4-6-3 (Groundball, 4)
Batting: LHB Greg Nelson 0-0: Ball
1-0: Ball
2-0: Ground out 1-3 (Groundball, 13S)
Bottom of the 7th over - 0 run(s), 1 hit(s), 0 error(s), 0 left on base; Texarkana 4 - Calgary 5
TOP OF THE 8TH
Texarkana Bears batting - Pitching for Calgary Cowboys : RHP Lorenzo Montáñez
Now in LF: Miguel Pérez
Batting: RHB Taki Chikafuji 0-0: Foul Ball, location: 2F
0-1: Ball
1-1: Ball
2-1: Fly out, F2 (Popup, 3S)
Batting: RHB Michael Barraclough 0-0: Called Strike
0-1: Called Strike
0-2: Ball
1-2: Foul Ball, location: 2F
1-2: Foul Ball, location: 2F
1-2: Foul Ball, location: 2F
1-2: Foul Ball, location: 2F
1-2: Ball
2-2: Ball
3-2: Strikes out swinging
Batting: RHB Steve Garneys 0-0: Ball
1-0: Foul Ball, location: 2F
1-1: Foul Ball, location: 2F
1-2: Foul Ball, location: 2F
1-2: Ball
2-2: Ground out 6-3 (Groundball, 56)
Top of the 8th over - 0 run(s), 0 hit(s), 0 error(s), 0 left on base; Texarkana 4 - Calgary 5
BOTTOM OF THE 8TH
Calgary Cowboys batting - Pitching for Texarkana Bears : RHP Asher Zasko
Batting: LHB José Liñares 0-0: Foul Ball, location: 2F
0-1: Fly out, F7 (Flyball, 7S)
Batting: RHB Todd Bryant 0-0: Fly out, F8 (Flyball, 8RM)
Batting: RHB Dan Wyatt 0-0: Ball
1-0: Foul Ball, location: 2F
1-1: Ball
2-1: Fly out, F6 (Popup, 6D)
Bottom of the 8th over - 0 run(s), 0 hit(s), 0 error(s), 0 left on base; Texarkana 4 - Calgary 5
TOP OF THE 9TH
Texarkana Bears batting - Pitching for Calgary Cowboys : RHP Lorenzo Montáñez
Pitching: LHP Alfredo Durán
Now at 3B: Ramón Martínez
Batting: RHB Tony Reyes 0-0: Called Strike
0-1: Ball
1-1: Fly out, F8 (Flyball, 8RM)
Batting: LHB Sam Barnes 0-0: Ball
1-0: Ball
2-0: Ground out 4-3 (Groundball, 34)
Batting: RHB Keith Ford 0-0: Reached on error, E5 (Groundball, 56S)
Batting: RHB Juan Rico 0-0: Ball
1-0: Ball
2-0: Foul Ball, location: 2F
2-1: Ball
3-1: Called Strike
3-2: Base on Balls
Batting: RHB Billy Campbell 0-0: Ball
1-0: Ball
2-0: Swinging Strike
2-1: DOUBLE (Flyball, 9D)
Keith Ford scores
Juan Rico to third
Runner from 3rd tries for Home, SAFE, no throw
Batting: LHB Tom Mullins 0-0: DOUBLE (Line Drive, 9LM)
Billy Campbell scores
Pitching: RHP Pedro Leal
Batting: RHB Taki Chikafuji 0-0: Ball
1-0: DOUBLE (Flyball, 7LM)
Tom Mullins scores
Batting: RHB Michael Barraclough 0-0: Ball
1-0: Ball
2-0: Ball
3-0: Called Strike
3-1: Called Strike
3-2: Foul Ball, location: 2F
3-2: Fly out, F4 (Popup, 4MD)
Top of the 9th over - 4 run(s), 3 hit(s), 1 error(s), 1 left on base; Texarkana 8 - Calgary 5
BOTTOM OF THE 9TH
Calgary Cowboys batting - Pitching for Texarkana Bears : RHP Asher Zasko
Pitching: RHP Víctor López
Batting: LHB Freddy Herrera 0-0: Ball
1-0: Called Strike
1-1: Called Strike
1-2: Ball
2-2: Ball
3-2: DOUBLE (Line Drive, 9LM)
Batting: RHB Shayne Burry 0-0: Called Strike
0-1: Foul Ball, location: 2F
0-2: Strikes out swinging
Batting: RHB Mario Sánchez 0-0: Ball
1-0: Ball
2-0: Foul Ball, location: 2F
2-1: Ball
3-1: Foul Ball, location: 2F
3-2: Base on Balls
Batting: LHB Miguel Pérez 0-0: Called Strike
0-1: Fielders Choice at 2nd, 4-6 (Groundball, 4M)
Freddy Herrera to third
Batting: RHB Jorge Balencia 0-0: Foul Ball, location: 2F
0-1: Foul Ball, location: 2F
0-2: Ball
1-2: Foul Ball, location: 2F
1-2: Fly out, F9 (Line Drive, 9)
Bottom of the 9th over - 0 run(s), 1 hit(s), 0 error(s), 2 left on base; Texarkana 8 - Calgary 5
Thursday, March 30th, 2017 - OOTP Baseball 17.12 Build 75